[Event "Titled Tuesday Blitz May 23 Early 2023"]
[White "Kaplan, Avi Harrison"]
[Black "agvania123"]
[WhiteFideId "30934559"]
[WhiteElo "1983"]
[BlackElo "2237"]
[Result "1-0"]
[Round "06"]
[TimeControl "180+2"]
[Date "2023.05.23"]
[WhiteClock "0:00:07"]
[BlackClock "0:00:04"]

1. g3 d5 2. f4 Nf6 3. Bg2 g6 4. Nf3 Bg7 5. O-O O-O 6. d3 c5 7. Nbd2 d4 8. a4 Nc6 9. Nc4 a6 10. e4 dxe3 11. Bxe3 Nd4 12. c3 Nxf3+ 13. Bxf3 Qc7 14. Re1 Be6 15. Ne5 Nd5 16. Bf2 Rfd8 17. Qe2 Rac8 18. a5 Nf6 19. Ra4 Bd5 20. Bxd5 Nxd5 21. Nxf7 Kxf7 22. Qe6+ Kf8 23. f5 Rd6 24. Qe2 gxf5 25. Rh4 h6 26. Qh5 e6 27. Kf1 Qf7 28. Qf3 c4 29. dxc4 Nf6 30. Qf4 Rdc6 31. c5 Ne4 32. Bd4 Bxd4 33. cxd4 Qg7 34. Rxe4 Kg8 35. Re1 Rd8 36. Qe5 Qxe5 37. Rxe5 Kf7 38. Ke2 h5 39. Ke3 Kg6 40. Rf4 Kg5 41. Rf1 Rd5 42. Rxd5 exd5 43. Kf3 Re6 44. h4+ Kg6 45. Rd1 Re4 46. b4 f4 47. gxf4 Kf5 48. b5 Rxf4+ 49. Kg3 Rg4+ 50. Kh3 axb5 51. Rb1 Rxd4 52. Rxb5 Ra4 53. Rxb7 Rxa5 54. c6 Rc5 55. c7 Ke5 56. Kg3 d4 57. Rb5 Rxb5 58. c8=Q Rb3+ 59. Kf2 Rb2+ 60. Ke1 Rb1+ 61. Kd2 Rb2+ 62. Kc1 Rf2 63. Qe8+ Kd5 64. Qxh5+ Ke4 65. Qe8+ Kd3 66. Qg6+ Ke3 67. Qg5+ Kd3 68. Qg6+ Ke3 69. Qg5+ Kd3 70. Qg3+ Ke2 71. h5 Rf1+ 72. Kc2 Rf3 73. Qg2+ Rf2 74. Qe4+ Kf1+ 75. Kd3 Kg1 76. Qxd4 Kh1 77. Qh4+ Kg1 78. Qxf2+ Kh1 79. Qe2 Kg1 80. Ke3 Kh1 81. Kf3 1-0


[Site "https://www.chess.com"]

[Event "Titled Tuesday Blitz May 23 Early 2023"]
[White "Coelho, Ramyres Santana"]
[Black "Fiedorek, Michal"]
[WhiteFideId "2120690"]
[BlackFideId "1199528"]
[WhiteElo "1888"]
[BlackElo "2135"]
[Result "0-1"]
[Round "06"]
[TimeControl "180+2"]
[Date "2023.05.23"]
[WhiteClock "0:00:00"]
[BlackClock "0:00:22"]

1. e4 c5 2. Nf3 Nc6 3. d4 cxd4 4. c3 dxc3 5. Nxc3 d6 6. Bc4 Nf6 7. h3 a6 8. O-O e6 9. Qe2 Be7 10. Rd1 Qc7 11. Bf4 Ne5 12. Nxe5 dxe5 13. Bg5 O-O 14. Rac1 Qa5 15. Bb3 b5 16. Rd3 Bb7 17. Bxf6 Bxf6 18. Rf3 b4 19. Nd1 Rac8 20. Rxc8 Rxc8 21. Rd3 Qc5 22. Kh2 a5 23. Ba4 Ba6 24. Qd2 Bxd3 25. Qxd3 h6 26. Ne3 Bg5 27. Ng4 Qd4 28. Qa6 Rc1 29. Qa8+ Kh7 30. Qe8 Bf4+ 31. g3 Bxg3+ 32. Kxg3 Qd3+ 33. Kh2 Qf3 34. Nf6+ Qxf6 0-1


[Site "https://www.chess.com"]

[Event "Titled Tuesday Blitz May 23 Early 2023"]
[White "Thiel, Thomas"]
[Black "Kohler, Aran"]
[WhiteFideId "4615964"]
[BlackFideId "1002856"]
[WhiteElo "2234"]
[BlackElo "2387"]
[Result "0-1"]
[Round "06"]
[TimeControl "180+2"]
[Date "2023.05.23"]
[WhiteClock "0:00:00"]
[BlackClock "0:00:33"]

1. e4 c6 2. d4 d5 3. exd5 cxd5 4. c4 Nf6 5. Nc3 Nc6 6. Bg5 e6 7. c5 Be7 8. Bb5 O-O 9. Nge2 Ne4 10. Bxe7 Nxe7 11. O-O Ng6 12. f4 f5 13. b4 Bd7 14. Bxd7 Qxd7 15. Qa4 Qe7 16. Rae1 Rfc8 17. Qb3 Kh8 18. Rd1 b6 19. Nxe4 fxe4 20. f5 Nh4 21. fxe6 Qxe6 22. Qg3 Qe7 23. Nf4 Rd8 24. Qg4 bxc5 25. bxc5 Rab8 26. Rc1 Rb2 27. c6 g5 28. c7 gxf4 29. cxd8=Q+ Qxd8 30. Qxf4 Rxg2+ 31. Kh1 Rg6 32. Qe5+ Kg8 33. Rg1 Nf3 34. Rxg6+ hxg6 35. Qe6+ Kh7 36. Rc8 Qh4 37. Qg8+ Kh6 38. Qh8+ Kg5 39. Qxh4+ Nxh4 40. Rd8 Kf4 41. Rxd5 e3 42. Re5 Nf3 43. Re7 Nxd4 44. Rxa7 e2 45. Re7 Kf3 46. a4 Kf2 47. a5 e1=Q+ 48. Rxe1 Kxe1 0-1


[Site "https://www.chess.com"]

[Event "Titled Tuesday Blitz May 23 Early 2023"]
[White "Torres Hernandez, Leslie Carolin"]
[Black "Martinez, Shawn"]
[WhiteFideId "8400504"]
[BlackFideId "2039770"]
[WhiteElo "1920"]
[BlackElo "2174"]
[Result "1-0"]
[Round "06"]
[TimeControl "180+2"]
[Date "2023.05.23"]
[WhiteClock "0:01:03"]
[BlackClock "0:00:11"]

1. e4 c5 2. Nf3 e6 3. d4 cxd4 4. Nxd4 a6 5. c4 Qc7 6. Nc3 Nf6 7. Be2 b6 8. O-O Bb7 9. Bf3 Nc6 10. b3 Bc5 11. Be3 h5 12. Nxc6 Bxc6 13. Bxc5 bxc5 14. Re1 Qe5 15. Nd5 Ng4 16. g3 O-O-O 17. Qd2 exd5 18. exd5 Qf6 19. Bxg4 hxg4 20. dxc6 dxc6 21. Qa5 Kb7 22. Qxc5 Rd4 23. Re7+ Kc8 24. Qa7 Kd8 25. Qc7# 1-0


[Site "https://www.chess.com"]

[Event "Titled Tuesday Blitz May 23 Early 2023"]
[White "Travadon, Loic"]
[Black "Antonova, Nadezhda"]
[WhiteFideId "26092131"]
[BlackFideId "14700182"]
[WhiteElo "2405"]
[BlackElo "1799"]
[Result "0-1"]
[Round "06"]
[TimeControl "180+2"]
[Date "2023.05.23"]
[WhiteClock "0:01:55"]
[BlackClock "0:00:34"]

1. d4 Nf6 2. g4 Nxg4 3. e4 Nf6 4. e5 Nd5 5. Bg2 e6 6. c4 Nb6 7. Qe2 d6 8. f4 Qh4+ 9. Kf1 dxe5 10. dxe5 Nc6 11. Nf3 Qh5 12. Nc3 a6 13. Be3 Be7 14. Rd1 O-O 15. a3 Rd8 16. b4 Rxd1+ 17. Nxd1 Bd7 18. Nc3 Rd8 19. c5 Nd5 20. Nxd5 exd5 21. Kf2 Bh4+ 22. Kg1 Bg4 23. Qf1 d4 24. Bf2 Bxf3 25. Bxh4 Bxg2 26. Kxg2 Qxh4 27. f5 Nxe5 28. Qe1 Qg4+ 0-1


[Site "https://www.chess.com"]

[Event "Titled Tuesday Blitz May 23 Early 2023"]
[White "Blokhin, Sofia"]
[Black "rionelG"]
[WhiteFideId "4508190"]
[WhiteElo "1994"]
[BlackElo "2205"]
[Result "0-1"]
[Round "06"]
[TimeControl "180+2"]
[Date "2023.05.23"]
[WhiteClock "0:00:00"]
[BlackClock "0:00:13"]

1. e4 c5 2. Nf3 d6 3. d4 cxd4 4. Nxd4 Nf6 5. Nc3 a6 6. Be3 e5 7. Nb3 Be7 8. f3 Be6 9. Qd2 O-O 10. O-O-O a5 11. Na4 Nc6 12. Nb6 a4 13. Na1 a3 14. Nxa8 axb2+ 15. Kxb2 Qxa8 16. Nb3 d5 17. Bc5 Qa4 18. Bxe7 Ra8 19. Ra1 Nxe7 20. g4 dxe4 21. g5 Nfd5 22. fxe4 Qa3+ 23. Kb1 Nf4 24. Qc1 Qa4 25. Qe3 Nc6 26. Bd3 Nb4 27. Nc5 Qa3 28. Nxe6 Nbxd3 29. cxd3 Nxd3 30. Qd2 fxe6 0-1


[Site "https://www.chess.com"]

[Event "Titled Tuesday Blitz May 23 Early 2023"]
[White "Pg, Mohd Omar Ak Hira"]
[Black "Guevara Sanchez, Erick Marvin"]
[WhiteFideId "10500103"]
[BlackFideId "6700136"]
[WhiteElo "2167"]
[BlackElo "2040"]
[Result "0-1"]
[Round "06"]
[TimeControl "180+2"]
[Date "2023.05.23"]
[WhiteClock "0:00:17"]
[BlackClock "0:00:26"]

1. e4 c5 2. Nf3 d6 3. Bb5+ Bd7 4. Bxd7+ Qxd7 5. O-O Nc6 6. c3 Nf6 7. Re1 e6 8. d4 cxd4 9. cxd4 d5 10. Ne5 Nxe5 11. dxe5 Nxe4 12. Nd2 Nxd2 13. Bxd2 Bc5 14. Qg4 O-O 15. b4 Bb6 16. a4 a6 17. Qg3 Kh8 18. Be3 Bxe3 19. Rxe3 f6 20. Qh4 fxe5 21. Rxe5 Rf5 22. Re2 Raf8 23. h3 h6 24. Qd4 e5 25. Qb6 d4 26. b5 axb5 27. axb5 d3 28. Rd2 e4 29. Ra7 R5f7 30. Qc5 Rf5 31. Qe3 Re8 32. b6 Rb5 33. g3 Qc6 34. Ra1 Qxb6 35. Qf4 Qf6 36. Qe3 Qxa1+ 0-1


[Site "https://www.chess.com"]

[Event "Titled Tuesday Blitz May 23 Early 2023"]
[White "Floresvillar Gonzalez, Luis Migu"]
[Black "Sovetbekova, Nurai"]
[WhiteFideId "5100542"]
[BlackFideId "13801910"]
[WhiteElo "2040"]
[BlackElo "1857"]
[Result "0-1"]
[Round "06"]
[TimeControl "180+2"]
[Date "2023.05.23"]
[WhiteClock "0:00:00"]
[BlackClock "0:01:03"]

1. d4 Nf6 2. c3 g6 3. Bg5 Bg7 4. Nf3 d5 5. Nbd2 O-O 6. e3 c5 7. Bd3 b6 8. Qe2 Nc6 9. O-O Re8 10. Ne5 Nxe5 11. dxe5 Ng4 12. f4 d4 13. cxd4 cxd4 14. Be4 dxe3 15. Nc4 Rb8 16. Nxe3 Qd4 17. Bc6 Nxe3 18. Bxe8 Bb7 19. Bb5 Nxg2+ 20. Rf2 Ne3 21. Bxe7 Qe4 22. Rf3 Qxf3 23. Qxf3 Bxf3 24. Kf2 Nd5 25. Bd6 Rc8 26. Kxf3 Rc2 27. Ba3 Nc7 28. Bd3 Rxh2 0-1


[Site "https://www.chess.com"]

[Event "Titled Tuesday Blitz May 23 Early 2023"]
[White "ritanovikova"]
[Black "Georg, Heinz"]
[BlackFideId "4607295"]
[WhiteElo "2169"]
[BlackElo "2310"]
[Result "0-1"]
[Round "06"]
[TimeControl "180+2"]
[Date "2023.05.23"]
[WhiteClock "0:00:00"]
[BlackClock "0:01:29"]

1. e4 e5 2. Nf3 Nc6 3. Bc4 Nf6 4. Nc3 Nxe4 5. Nxe4 d5 6. Bd3 dxe4 7. Bxe4 Bd6 8. O-O O-O 9. h3 f5 10. Bd5+ Kh8 11. d4 e4 12. Ng5 Bh2+ 13. Kxh2 Qxd5 14. Qh5 h6 15. c4 Qxd4 16. Be3 Qe5+ 17. g3 Kg8 18. Bf4 Qf6 19. h4 hxg5 20. hxg5 g6 21. Qh4 Qh8 22. Kg2 Qxh4 23. gxh4 Be6 24. Bxc7 Bxc4 25. Rfc1 Bd3 26. h5 Rac8 27. Bd6 Rfd8 28. Bf4 Ne7 29. Rh1 Rc2 30. hxg6 Nxg6 31. Be3 f4 32. Bxa7 e3 33. Rh6 Rxf2+ 34. Kg1 Rd5 35. Rd1 Rxg5+ 0-1


[Site "https://www.chess.com"]

[Event "Titled Tuesday Blitz May 23 Early 2023"]
[White "Buscar, Michael"]
[Black "Winkels, Marcel"]
[WhiteFideId "2603616"]
[BlackFideId "1003887"]
[WhiteElo "2010"]
[BlackElo "1900"]
[Result "1-0"]
[Round "06"]
[TimeControl "180+2"]
[Date "2023.05.23"]
[WhiteClock "0:00:27"]
[BlackClock "0:00:00"]

1. Nf3 Nf6 2. b3 g6 3. Bb2 Bg7 4. e4 d6 5. Bc4 O-O 6. Qe2 c6 7. O-O Bg4 8. h3 Bxf3 9. Qxf3 Nbd7 10. d4 e5 11. Nd2 Re8 12. Rad1 Qe7 13. Rfe1 b5 14. Bf1 a5 15. c4 b4 16. Qg3 a4 17. Nf3 axb3 18. axb3 Ra2 19. Ba1 Nh5 20. Qh2 Rea8 21. c5 dxc5 22. dxe5 Bh6 23. Bc4 Nf8 24. e6 Nxe6 25. Be5 Bf4 26. Bxf4 Nhxf4 27. Ne5 g5 28. Rd7 Qf6 29. Nxf7 R2a7 30. Rxa7 Rxa7 31. Nd6 Kh8 32. Qg3 Nd4 33. e5 Qg7 34. Ne4 Ra2 35. Qxg5 Qxg5 36. Nxg5 Nfe2+ 37. Kh2 Kg7 38. e6 Kf6 39. Ne4+ Ke7 40. Nxc5 Rb2 41. Nd3 Rd2 42. Nxb4 Nc2 43. Nxc2 Rxc2 44. Rxe2 1-0


[Site "https://www.chess.com"]

[Event "Titled Tuesday Blitz May 23 Early 2023"]
[White "ChesscularGodofchess"]
[Black "Manon-og, Ramon Jr."]
[BlackFideId "5200776"]
[WhiteElo "2108"]
[BlackElo "2304"]
[Result "0-1"]
[Round "06"]
[TimeControl "180+2"]
[Date "2023.05.23"]
[WhiteClock "0:02:31"]
[BlackClock "0:01:57"]

1. d4 Nf6 2. Nf3 g6 3. Nbd2 d5 4. e3 Bg7 5. b4 O-O 6. c4 c6 7. a4 Nbd7 8. Be2 Re8 9. O-O e5 10. dxe5 Nxe5 11. cxd5 Nxf3+ 12. Nxf3 Nxd5 13. Rb1 Nc3 14. Qxd8 Rxd8 15. Rb2 Nxa4 16. Rd2 Bg4 17. Rfd1 Rxd2 18. Rxd2 Bc3 19. Rd6 Bxb4 20. Rd4 Bxf3 21. Bxf3 a5 22. Rd7 Nc5 23. Rc7 a4 24. Bb2 a3 25. Ba1 a2 26. Bd1 Bc3 27. Bxc3 a1=Q 28. Bxa1 Rxa1 29. Kf1 Rxd1+ 30. Ke2 0-1


[Site "https://www.chess.com"]

[Event "Titled Tuesday Blitz May 23 Early 2023"]
[White "Sanudula, K M Dahamdi"]
[Black "Goldin, Roman"]
[WhiteFideId "9932470"]
[BlackFideId "2803860"]
[WhiteElo "1556"]
[BlackElo "2312"]
[Result "0-1"]
[Round "06"]
[TimeControl "180+2"]
[Date "2023.05.23"]
[WhiteClock "0:01:04"]
[BlackClock "0:01:39"]

1. d4 Nf6 2. e3 g6 3. Bd3 Bg7 4. f4 O-O 5. c3 d6 6. Nd2 c5 7. Ngf3 Nc6 8. O-O e5 9. e4 cxd4 10. cxd4 exd4 11. Nb3 Ng4 12. h3 Ne3 13. Bxe3 dxe3 14. Qe2 Re8 15. Rab1 d5 16. Qxe3 dxe4 17. Bxe4 Bf5 18. Nfd2 Bxe4 19. Nxe4 f5 20. Rbd1 Qe7 21. Qc5 fxe4 22. Qd5+ 0-1


[Site "https://www.chess.com"]

[Event "Titled Tuesday Blitz May 23 Early 2023"]
[White "Blackwhite017"]
[Black "Zampronha, Wladimir Camilo"]
[BlackFideId "2103087"]
[WhiteElo "2074"]
[BlackElo "2176"]
[Result "1/2-1/2"]
[Round "06"]
[TimeControl "180+2"]
[Date "2023.05.23"]
[WhiteClock "0:00:16"]
[BlackClock "0:01:20"]

1. e4 c5 2. Nf3 e6 3. d4 cxd4 4. Nxd4 Nc6 5. Nxc6 bxc6 6. Bd3 Nf6 7. O-O d6 8. Qe2 Be7 9. e5 dxe5 10. Qxe5 Qd5 11. Bf4 O-O 12. Nc3 Qxe5 13. Bxe5 Nd5 14. Ne4 f6 15. Bg3 e5 16. h3 Rb8 17. b3 Rd8 18. Rad1 Be6 19. Rfe1 Nb4 20. f4 f5 21. Ng5 Bxg5 22. fxg5 f4 23. Bxf4 Nxd3 24. cxd3 Bxb3 25. Bxe5 Bxd1 26. Bxb8 Rxb8 27. Rxd1 Rb2 28. Rc1 Rxa2 29. Rxc6 a5 30. Rc7 a4 31. Ra7 a3 32. d4 Ra1+ 33. Kh2 a2 34. d5 Kf8 35. d6 Ke8 36. h4 Kd8 37. h5 Kc8 38. h6 gxh6 39. gxh6 Kb8 40. Ra3 Kc8 41. Ra7 Kb8 42. Ra3 Kc8 43. Ra7 1/2-1/2


[Site "https://www.chess.com"]

[Event "Titled Tuesday Blitz May 23 Early 2023"]
[White "Jimenez Fernandez, Rebeca"]
[Black "Kriti Mayur Patel"]
[WhiteFideId "32070934"]
[BlackFideId "35061780"]
[WhiteElo "2008"]
[BlackElo "1306"]
[Result "0-1"]
[Round "06"]
[TimeControl "180+2"]
[Date "2023.05.23"]
[WhiteClock "0:00:00"]
[BlackClock "0:01:14"]

1. e4 e5 2. d4 exd4 3. Qxd4 Nc6 4. Qe3 Nf6 5. Nc3 Bb4 6. Bd2 O-O 7. O-O-O Re8 8. Bc4 Ne5 9. Bb3 d6 10. h3 Ng6 11. f3 c6 12. g4 d5 13. Qf2 dxe4 14. fxe4 Qe7 15. Nge2 Be6 16. Bxe6 Qxe6 17. Nd4 Qe5 18. Rhe1 Bxc3 19. Bxc3 Nxe4 20. Qf3 Qg5+ 21. Kb1 Nxc3+ 22. Qxc3 Rad8 23. Nf5 Rxd1+ 24. Rxd1 Ne5 25. Nd6 Rd8 26. a3 Qf6 27. Re1 Qxd6 28. Rxe5 Qf6 29. Qe3 Rd1+ 30. Ka2 g6 31. Re8+ Kg7 32. Rb8 Rd7 33. Qe8 Kh6 0-1


[Site "https://www.chess.com"]

[Event "Titled Tuesday Blitz May 23 Early 2023"]
[White "Saim, Mohamed Ilias"]
[Black "Nissinen, Niilo Man"]
[WhiteFideId "7900465"]
[BlackFideId "30950767"]
[WhiteElo "2063"]
[BlackElo "1952"]
[Result "0-1"]
[Round "06"]
[TimeControl "180+2"]
[Date "2023.05.23"]
[WhiteClock "0:00:10"]
[BlackClock "0:00:35"]

1. c4 Nf6 2. Nc3 g6 3. Nf3 Bg7 4. g3 d5 5. cxd5 Nxd5 6. Bg2 O-O 7. O-O c5 8. h3 Nc6 9. a3 h6 10. Qc2 Bf5 11. e4 Nxc3 12. bxc3 Be6 13. Rb1 Bc4 14. Rd1 Bd3 15. Qb3 Bxb1 16. Qxb1 Qb6 17. Qa2 Rfd8 18. Bb2 Na5 19. d4 c4 20. e5 Qb3 21. Qa1 e6 22. Nd2 Qb5 23. Ne4 Nb3 24. Qb1 Qa6 25. Nd6 Rab8 26. Qe4 Bf8 27. Nxb7 Rd7 28. Nd6 Bxd6 29. exd6 Qxd6 30. Bc1 Nxc1 31. Rxc1 Qxa3 32. Qc6 Qxc1+ 33. Kh2 Re7 34. Qd6 Rbe8 35. Bc6 Qxc3 36. Bxe8 Rxe8 37. Qd7 Rb8 38. Qc7 Rb2 39. Kg2 Qxd4 40. Qxa7 Qxa7 0-1


[Site "https://www.chess.com"]

[Event "Titled Tuesday Blitz May 23 Early 2023"]
[White "Castillo Pena, Patricia Evarista"]
[Black "De Souza, Cristiano Gomes"]
[WhiteFideId "6412106"]
[BlackFideId "2151758"]
[WhiteElo "1919"]
[BlackElo "2068"]
[Result "1/2-1/2"]
[Round "06"]
[TimeControl "180+2"]
[Date "2023.05.23"]
[WhiteClock "0:00:18"]
[BlackClock "0:00:55"]

1. d4 Nf6 2. Nf3 g6 3. Nc3 Bg7 4. e4 d6 5. Be3 c6 6. Qd2 b5 7. a3 Bd7 8. h3 O-O 9. O-O-O a5 10. e5 b4 11. exf6 bxc3 12. Qxc3 Bxf6 13. Bh6 Re8 14. Bc4 Be6 15. g4 Nd7 16. g5 Bh8 17. h4 Nb6 18. Bxe6 fxe6 19. h5 Nd5 20. Qe1 Qd7 21. hxg6 hxg6 22. Qe4 Kf7 23. Rde1 Rab8 24. Nh4 Rg8 25. Rh3 c5 26. Rf3+ Ke8 27. Qxg6+ Kd8 28. Qxg8+ Kc7 29. Rf8 Rxf8 30. Qxf8 Bxd4 31. Qa8 Qb5 32. Qa7+ Kc6 33. Qa8+ Kd7 34. Qa7+ Kc6 35. Qa8+ Kd7 36. Qa7+ Kc6 1/2-1/2


[Site "https://www.chess.com"]

[Event "Titled Tuesday Blitz May 23 Early 2023"]
[White "Alhadad, Mahmoud"]
[Black "Semenova, Alina"]
[WhiteFideId "11501863"]
[BlackFideId "24113875"]
[WhiteElo "1955"]
[BlackElo "1833"]
[Result "0-1"]
[Round "06"]
[TimeControl "180+2"]
[Date "2023.05.23"]
[WhiteClock "0:00:05"]
[BlackClock "0:00:14"]

1. e4 e5 2. d4 exd4 3. Bc4 Nc6 4. Nf3 Be7 5. c3 dxc3 6. Qb3 Na5 7. Bxf7+ Kf8 8. Qa4 Kxf7 9. Qxa5 d6 10. Nxc3 Be6 11. Ng5+ Bxg5 12. Bxg5 Qd7 13. O-O h6 14. Bh4 g5 15. Bg3 Nf6 16. f4 b6 17. Qa6 Kg7 18. f5 Bf7 19. e5 dxe5 20. Bxe5 Qc6 21. Rae1 Rhe8 22. Kh1 Bc4 23. Bxf6+ Kxf6 24. Qa3 Bxf1 25. Rxf1 Re5 26. Qb4 a5 27. Qg4 Rf8 28. Qh5 Kg7 29. h4 Rexf5 30. Re1 Rf1+ 31. Rxf1 Rxf1+ 32. Kh2 Qd6+ 33. Kh3 Qd3+ 34. Kh2 Qe3 35. hxg5 Qf4+ 36. Kh3 Rh1# 0-1


[Site "https://www.chess.com"]

[Event "Titled Tuesday Blitz May 23 Early 2023"]
[White "Sanchez, Robert"]
[Black "Rosh Jain"]
[WhiteFideId "2034360"]
[BlackFideId "25789465"]
[WhiteElo "1837"]
[BlackElo "2233"]
[Result "0-1"]
[Round "06"]
[TimeControl "180+2"]
[Date "2023.05.23"]
[WhiteClock "0:02:37"]
[BlackClock "0:00:08"]

1. e4 c5 2. Nf3 d6 3. d4 cxd4 4. Nxd4 Nf6 5. Nc3 a6 6. Be3 e5 7. Nb3 Be7 8. f3 O-O 9. Qd2 Be6 10. O-O-O h5 11. Kb1 b5 12. Nd5 Bxd5 13. exd5 Nbd7 14. Na5 Nb8 15. h4 Qc7 16. c4 bxc4 17. Nxc4 Nbd7 18. Be2 Rab8 19. Rc1 Qb7 20. Rc3 0-1


[Site "https://www.chess.com"]

[Event "Titled Tuesday Blitz May 23 Early 2023"]
[White "lluiss"]
[Black "Silva Rosas, Natalia"]
[BlackFideId "3000575"]
[WhiteElo "2259"]
[BlackElo "1651"]
[Result "1/2-1/2"]
[Round "06"]
[TimeControl "180+2"]
[Date "2023.05.23"]
[WhiteClock "0:01:10"]
[BlackClock "0:00:28"]

1. Nf3 f5 2. c4 Nf6 3. g3 g6 4. Bg2 Bg7 5. O-O O-O 6. Nc3 d6 7. d4 c6 8. d5 c5 9. e4 fxe4 10. Ng5 Bg4 11. Qb3 b6 12. Ne6 Bxe6 13. dxe6 Qc8 14. Nxe4 Nxe4 15. Bxe4 Na6 16. Bxa8 Qxa8 17. Bg5 Qd8 18. Rfe1 Nc7 19. Rad1 h6 20. Bd2 Qc8 21. Qe3 Rf6 22. Qa3 Qb7 23. Bc3 Rf3 24. Re3 Rxe3 25. fxe3 Qf3 26. Bxg7 Qxd1+ 27. Kf2 Kxg7 28. Qxa7 Qd2+ 29. Kf1 Qd3+ 30. Kf2 Qd2+ 31. Kf1 Qd1+ 32. Kf2 Qd2+ 1/2-1/2


[Site "https://www.chess.com"]

[Event "Titled Tuesday Blitz May 23 Early 2023"]
[White "Begunov, Konstantin"]
[Black "Putri, Regita Desyari"]
[WhiteFideId "4118510"]
[BlackFideId "7109083"]
[WhiteElo "2050"]
[BlackElo "1930"]
[Result "1-0"]
[Round "06"]
[TimeControl "180+2"]
[Date "2023.05.23"]
[WhiteClock "0:02:23"]
[BlackClock "0:00:06"]

1. d4 Nf6 2. c4 e6 3. Nf3 b6 4. g3 Ba6 5. Qa4 Bb7 6. Bg2 c5 7. dxc5 Bxc5 8. Nc3 O-O 9. O-O Qe7 10. a3 a5 11. Rd1 Nc6 12. Qc2 Rfd8 13. Na4 d5 14. cxd5 exd5 15. Bg5 Rac8 16. Nxc5 Qxc5 17. Qxc5 b5 18. Bxf6 1-0


[Site "https://www.chess.com"]

[Event "Titled Tuesday Blitz May 23 Early 2023"]
[White "chessjazda"]
[Black "Vargas Rodriguez, Wilver"]
[BlackFideId "3509672"]
[WhiteElo "2296"]
[BlackElo "2246"]
[Result "0-1"]
[Round "06"]
[TimeControl "180+2"]
[Date "2023.05.23"]
[WhiteClock "0:00:43"]
[BlackClock "0:00:31"]

1. d4 Nf6 2. Bg5 e6 3. e4 d6 4. Bd3 Nbd7 5. Nf3 e5 6. O-O Be7 7. c3 O-O 8. h3 Re8 9. Nbd2 c6 10. Re1 Qc7 11. Qc2 Nf8 12. Nc4 Ng6 13. Rad1 b5 14. Ne3 a6 15. Nf5 Bxf5 16. exf5 Nf4 17. dxe5 Nxd3 18. Rxd3 dxe5 19. Rxe5 Nd5 20. Bxe7 Rxe7 21. Rxe7 Qxe7 22. c4 Nb4 23. Qd2 Nxd3 24. Qxd3 Rd8 25. Qc2 Qd6 26. cxb5 cxb5 27. Qe4 Qd5 28. Qe7 Qd1+ 29. Ne1 Qd7 30. Qe3 Re8 31. Qc1 Qxf5 32. Nf3 Rc8 33. Qe3 Qc5 34. Qe4 Qc2 35. Qb7 Qc1+ 36. Kh2 Qc7+ 37. Qxc7 Rxc7 38. Nd4 Rd7 39. Nf5 Rd2 40. Kg3 Rxb2 0-1


[Site "https://www.chess.com"]

[Event "Titled Tuesday Blitz May 23 Early 2023"]
[White "Peiris, T G M"]
[Black "stratacticos"]
[WhiteFideId "9901310"]
[WhiteElo "2022"]
[BlackElo "1892"]
[Result "1-0"]
[Round "06"]
[TimeControl "180+2"]
[Date "2023.05.23"]
[WhiteClock "0:00:12"]
[BlackClock "0:00:14"]

1. e4 c5 2. c3 Nc6 3. d4 cxd4 4. cxd4 d5 5. e5 Bf5 6. Bd3 Bxd3 7. Qxd3 e6 8. Nf3 Rc8 9. Nc3 a6 10. O-O h5 11. a3 Nh6 12. b4 Nf5 13. b5 axb5 14. Nxb5 Be7 15. Be3 g6 16. Rfb1 O-O 17. h3 Kg7 18. Qd2 Nxe3 19. fxe3 f6 20. Rf1 fxe5 21. Nxe5 Nxe5 22. dxe5 Rf5 23. Rxf5 gxf5 24. Nd4 Kf7 25. Rf1 Bg5 26. Qe2 Kg6 27. Nxe6 Qe7 28. Nxg5 Qxg5 29. Qf3 Rc3 30. Re1 Rxa3 31. Qxd5 Rxe3 32. Qd6+ Kg7 33. Qd7+ Kg6 34. Qe6+ Kg7 35. Qf6+ Qxf6 36. exf6+ Kxf6 37. Rxe3 1-0


[Site "https://www.chess.com"]

[Event "Titled Tuesday Blitz May 23 Early 2023"]
[White "Sokolov, Andrei"]
[Black "Aanna12"]
[WhiteFideId "11600306"]
[WhiteElo "2473"]
[BlackElo "2207"]
[Result "1-0"]
[Round "06"]
[TimeControl "180+2"]
[Date "2023.05.23"]
[WhiteClock "0:00:15"]
[BlackClock "0:00:51"]

1. d4 Nf6 2. c4 c5 3. d5 b5 4. cxb5 a6 5. bxa6 g6 6. Nc3 Bg7 7. g3 O-O 8. Bg2 d6 9. Nf3 Nbd7 10. O-O Nb6 11. Nd2 Bxa6 12. Rb1 Bb7 13. e4 Ba6 14. Re1 Nfd7 15. Qc2 Ne5 16. Bf1 c4 17. b3 Nd3 18. Rd1 Bd4 19. Nxc4 Nxc4 20. bxc4 Ne5 21. Nb5 Bc5 22. a4 Bxb5 23. axb5 Qa5 24. Bb2 Qa2 25. Ra1 1-0


[Site "https://www.chess.com"]

[Event "Titled Tuesday Blitz May 23 Early 2023"]
[White "Akylbek2021"]
[Black "Tarnowska, Aleksandra"]
[BlackFideId "1180967"]
[WhiteElo "2455"]
[BlackElo "1776"]
[Result "1-0"]
[Round "06"]
[TimeControl "180+2"]
[Date "2023.05.23"]
[WhiteClock "0:01:58"]
[BlackClock "0:00:02"]

1. d4 d5 2. Nc3 Nf6 3. Bf4 c6 4. e3 Bf5 5. f3 e6 6. g4 Bg6 7. h4 h5 8. g5 Nfd7 9. Bd3 Bxd3 10. Qxd3 Qb6 11. g6 f6 12. Nge2 c5 13. Nb5 Na6 14. c4 cxd4 15. exd4 Bb4+ 16. Kf1 Rc8 17. c5 Naxc5 18. dxc5 Nxc5 19. Nd6+ Qxd6 20. Qb5+ Qc6 21. Qxb4 Nd3 22. Qd2 Nxf4 23. Nxf4 Qc4+ 24. Kg2 O-O 25. Rac1 Qa4 26. Nxe6 Rfe8 27. Nc5 Qxa2 28. Rhe1 b6 29. Nd3 Qb3 30. Nf4 Qb5 31. Qxd5+ Qxd5 32. Nxd5 Kf8 33. Kf2 Rxc1 34. Rxc1 Rd8 35. Rd1 Rd6 36. Ne3 Rc6 37. Rd7 a5 38. Rf7+ Kg8 39. Nf5 Rc2+ 40. Kg3 Rxb2 41. Ne7+ Kh8 42. Rf8# 1-0


[Site "https://www.chess.com"]

[Event "Titled Tuesday Blitz May 23 Early 2023"]
[White "dDobravcan"]
[Black "Napoli, Nicolo"]
[BlackFideId "813702"]
[WhiteElo "2116"]
[BlackElo "2308"]
[Result "1-0"]
[Round "06"]
[TimeControl "180+2"]
[Date "2023.05.23"]
[WhiteClock "0:00:24"]
[BlackClock "0:00:17"]

1. d4 d5 2. Nc3 Nf6 3. Bf4 c5 4. e3 e6 5. Nb5 Na6 6. c3 cxd4 7. exd4 Bd7 8. a4 Bxb5 9. Bxb5+ Nd7 10. Nf3 Nc7 11. Bxc7 Qxc7 12. Ne5 Rd8 13. Qh5 g6 14. Qf3 f5 15. Qe2 Ke7 16. Nxd7 Rxd7 17. Bxd7 Qxd7 18. O-O Bh6 19. Rfe1 Kf7 20. a5 Rc8 21. a6 b6 22. Qd3 Bf4 23. g3 Bd6 24. Re2 Qc7 25. Rae1 Re8 26. Qb5 Re7 27. Kg2 h5 28. h4 Re8 29. Re3 Re7 30. Qe2 Qd7 31. b3 Qc8 32. Qf3 Kg7 33. Qe2 Qd7 34. c4 dxc4 35. bxc4 Bb4 36. Rb1 Qd6 37. d5 exd5 38. Rxe7+ Qxe7 39. Qxe7+ Bxe7 40. cxd5 Bd6 41. Re1 Kf7 42. Re6 Bc5 43. Rc6 Bd4 44. Rc7+ Kf6 45. Rxa7 Ke5 46. Rd7 b5 47. a7 Bxa7 48. Rxa7 Kxd5 49. Rg7 Kc4 50. Rxg6 b4 51. Rg5 b3 52. Rg8 b2 53. Rb8 Kc3 54. Kf3 Kc2 55. Kf4 b1=Q 56. Rxb1 Kxb1 57. Kxf5 Kc1 58. g4 Kd1 59. gxh5 Ke1 60. h6 Kf1 61. h7 Kg2 62. h8=Q Kh3 63. h5 Kh4 64. h6 Kh3 65. h7 Kg2 66. Qg7+ Kf3 67. h8=Q Ke2 68. Qe5+ Kf1 69. Qh1+ Kxf2 70. Qf4+ Ke2 71. Qhe4+ Kd1 72. Qf2 Kc1 73. Qec2# 1-0


[Site "https://www.chess.com"]